 Dungeon Crawl Stone Soup version 0.19.0-22-gd96e5fe (webtiles) character file.

282 Monkfish the Cutter (level 6, 0/57 HPs)
             Began as a Kobold Berserker on Nov 19, 2016.
             Was a Priest of Trog.
             Slain by a gnoll
             ... wielding a +0 flail
              (10 damage)
             ... on level 3 of the Dungeon.
             The game lasted 00:05:57 (2862 turns).

Monkfish the Cutter (Kobold Berserker)              Turns: 2862, Time: 00:05:58

Health: 0/57       AC:  4    Str: 22    XL:     6   Next: 54%
Magic:  6/6        EV: 16    Int:  8    God:    Trog [***...]
Gold:   84         SH:  0    Dex: 14    Spells: 0 memorised, 5 levels left

rFire  . . .     SeeInvis .     a - +0 short sword
rCold  . . .     Gourm    .     e - +0 leather armour
rNeg   . . .     Faith    .     (shield restricted)
rPois  .         Spirit   .     (no helmet)
rElec  .         Reflect  .     d - +0 cloak
rCorr  .         Harm     .     (no gloves)
MR     ++...                    (no boots)
Stlth  ..........               (no amulet)
                                (no ring)
                                (no ring)

@: berserking, regenerating, very quick
A: carnivore 3
a: Berserk, Trog's Hand, Burn Spellbooks, Renounce Religion


You were on level 3 of the Dungeon.
You worshipped Trog.
Trog was most pleased with you.
You were full.

You visited 1 branch of the dungeon, and saw 4 of its levels.

You collected 84 gold pieces.

Inventory:

Hand Weapons
 a - a +0 short sword (weapon)
 b - a +0 short sword of speed
Armour
 d - a +0 cloak (worn)
 e - a +0 leather armour (worn)
Comestibles
 c - a meat ration
 f - 2 chunks of flesh


   Skills:
 + Level 4.2 Fighting
 + Level 6.4 Short Blades
 - Level 1.5 Armour
 + Level 3.7 Dodging
 * Level 4.4 Stealth


You had 5 spell levels left.
You didn't know any spells.

Dungeon Overview and Level Annotations

Branches:
Dungeon (4/15)
 Temple: D:4-7

Altars:
Elyvilon


Innate Abilities, Weirdness & Mutations

You are small and have problems with some larger weapons.
You are carnivorous and can eat meat at any time.


Message History

You hit the gnoll but do no damage.
The gnoll is moderately wounded.
You barely miss the gnoll.
The gnoll is moderately wounded.
The gnoll barely misses you.
You hit the gnoll.
The gnoll is heavily wounded.
You feel less exhausted. The gnoll hits you with a flail!
* * * LOW HITPOINT WARNING * * *
You hit the gnoll.
The gnoll is almost dead.
Your skin crawls.
You feel resistant to hostile enchantments.
You feel somewhat less full. The gnoll hits you with a flail.
* * * LOW HITPOINT WARNING * * *
A red film seems to cover your vision as you go berserk!
You feel yourself moving faster!
You feel mighty! The gnoll hits you with a flail!
You die...

........(..#....# #.#.#.#
................# #.#...#######
.....#####....>.# #............
.....# #.#.#.#..#####.##########.
.....# #..)#...........# #.
.....# #.#.#....#####..# #.
..<..# #.#.###### #..# ######.
....(###.#.##########..####......
##...†......gggg@...........#####
.........##.#####################
..........(......................
≈≈≈≈≈≈≈≈≈....≈≈≈≈≈≈≈≈≈≈≈≈≈≈≈≈≈≈≈.
≈≈≈≈≈≈≈≈≈....≈≈≈≈≈≈≈≈≈≈≈≈≈≈≈≈≈≈≈.
≈≈≈≈≈≈≈≈≈....≈≈≈≈≈≈≈≈≈≈≈≈#####≈≈.
.........................#.g.#≈≈.
#########''''#############...#≈≈P
.......#....# ..... #g###≈≈.


You could see 4 gnolls.

Vanquished Creatures
  A gnoll shaman (D:3)
  A centaur skeleton (D:4)
  4 adders
  8 gnolls (D:3)
  An ooze (D:1)
  3 worms
  A dart slug (D:2)
  A leopard gecko (D:4)
  4 orcs (D:3)
  9 bats
  5 giant cockroaches
  7 hobgoblins
  17 jackals (D:3)
  2 quokkas (D:2)
  3 ball pythons (D:3)
  5 frilled lizards
  6 goblins
  9 kobolds
  6 rats
93 creatures vanquished.

Notes
Turn   | Place    | Note
-------+----------+-------------------------------------------
     0 | D:1      | Monkfish the Kobold Berserker began the quest for the Orb.
     0 | D:1      | Reached XP level 1. HP: 14/14 MP: 1/1
   200 | D:1      | Reached XP level 2. HP: 19/19 MP: 2/2
   288 | D:1      | Reached skill level 1 in Stealth
   374 | D:1      | Reached XP level 3. HP: 11/23 MP: 3/3
   571 | D:1      | Reached ** piety under Trog
  1219 | D:2      | Found a white marble altar of Elyvilon.
  1259 | D:2      | Reached skill level 5 in Short Blades
  1301 | D:2      | Reached XP level 4. HP: 21/29 MP: 4/4
  1768 | D:3      | Reached XP level 5. HP: 25/33 MP: 5/5
  2200 | D:3      | Reached *** piety under Trog
  2695 | D:4      | Reached skill level 6 in Short Blades
  2720 | D:4      | Reached XP level 6. HP: 29/38 MP: 6/6
  2862 | D:3      | Slain by a gnoll

Skill      XL: |  1  2  3  4  5  6 |
---------------+-------------------+-----
Stealth        | 1 2 3 4 |  4.4
Short Blades   | 5 6 |  6.4
Dodging        | 3 |  3.7
Fighting       | 4 |  4.2
Armour         | |  1.5

Action                   |  1- 3 |  4- 6 || total
-------------------------+-------+-------++-------
Melee: Short sword       |   118 |   274 ||   392
Invok: Berserk           |       |     4 ||     4
       Trog's Hand       |       |     4 ||     4
  Use: Scroll            |     5 |     2 ||     7
       Potion            |     2 |     2 ||     4
 Stab: Sleeping          |     8 |     2 ||    10
  Eat: Chunk             |     8 |     9 ||    17
Armor: Animal skin       |    10 |       ||    10
       Leather armour    |    14 |    47 ||    61
Dodge: Dodged            |    82 |   201 ||   283
